 Dungeon Crawl Stone Soup version 0.29.1-2-gbd0b4ee654 (webtiles) character file.

Game seed: 7436317160968535603

51 zeram the Shield-Bearer (level 3, -3/24 HPs)
             Began as a Gargoyle Fighter on Nov 2, 2022.
             Slain by a gnoll
             ... wielding a +0 club
              (5 damage)
             ... on level 2 of the Dungeon.
             The game lasted 00:01:36 (1090 turns).

zeram the Shield-Bearer (Gargoyle Fighter)          Turns: 1090, Time: 00:01:36

Health: -3/24      AC: 11    Str: 21    XL:     3   Next: 83%
Magic:  3/3        EV:  9    Int:  8    God:
Gold:   49         SH:  4    Dex:  9    Spells: 2/2 levels left

rFire   . . .      SeeInvis .   a - +0 flail
rCold   . . .      Faith    .   c - +0 buckler
rNeg    + . .      Spirit   .   b - +0 scale mail
rPois   ∞          Reflect  .   (no helmet)
rElec   +          Harm     .   (no cloak)
rCorr   .          Rampage  .   j - +0 pair of gloves
Will    .....                   (no boots)
Stlth   ..........              (no amulet)
HPRegen 0.08/turn               (no ring)
MPRegen 0.08/turn               (no ring)

@: no status effects
A: sickness immunity, AC +3, negative energy resistance 1, electricity
resistance, torment resistance 1, petrification resistance
a: no special abilities


You were on level 2 of the Dungeon.
You visited 1 branch of the dungeon, and saw 2 of its levels.

You collected 49 gold pieces.

Inventory:

Hand Weapons
 a - a +0 flail (weapon)
Armour
 b - a +0 scale mail (worn)
 c - a +0 buckler (worn)
 j - a +0 pair of gloves (worn)
Scrolls
 g - a scroll of identify
 i - a scroll of enchant weapon {unknown}
Potions
 d - 2 potions of might
 e - a potion of lignification {unknown}
 f - a potion of cancellation {unknown}
 h - 2 potions of curing


   Skills:
 + Level 3.8 Fighting
 + Level 2.6 Maces & Flails
 + Level 3.8 Armour
 + Level 3.8 Shields


You had 2 spell levels left.
You didn't know any spells.
Your spell library contained the following spells:

 Spells                   Type           Power      Damage    Failure   Level
 Slow                     Hex            0%         N/A       83%         1
 Confusing Touch          Hex            0%         N/A       99%         3
 Vampiric Draining        Necr           0%         2d6       99%         3


Dungeon Overview and Level Annotations

Branches:
Dungeon (2/15)

Altars:


Innate Abilities, Weirdness & Mutations

You are immune to sickness and miasma.
Your stone body is resilient. (AC +3)
You are immune to poison.
You resist negative energy. (rN+)
You are resistant to electric shocks. (rElec)
You are resistant to unholy torment.
You are immune to petrification.


Message History

You are too injured to fight recklessly!
You are too injured to fight recklessly!
Unknown command.
You are too injured to fight recklessly!
You closely miss the frilled lizard.
The frilled lizard bites you but does no damage.
The gnoll barely misses you.
You miss the frilled lizard. You block the frilled lizard's attack.
You block the gnoll's attack.
You miss the frilled lizard.
The frilled lizard bites you but does no damage.
The gnoll closely misses you. The gnoll barely misses you.
The frilled lizard bites you but does no damage.
You hit the frilled lizard.
You kill the frilled lizard!
The gnoll hits you from afar with a +0 halberd.
You barely miss the gnoll. The gnoll hits you but does no damage.
The gnoll misses you.
You hit the gnoll but do no damage.
The gnoll hits you from afar with a +0 halberd!
* * * LOW HITPOINT WARNING * * *
You block the gnoll's attack.
You barely miss the gnoll. The gnoll hits you but does no damage.
The gnoll barely misses you. x2; The gnoll hits you with a +0 club.
* * * LOW HITPOINT WARNING * * *
You closely miss the gnoll. The gnoll hits you with a +0 club.
* * * LOW HITPOINT WARNING * * *
You block the gnoll's attack. The gnoll attacks as you move away!
The gnoll hits you but does no damage. The gnoll attacks as you move away!
You block the gnoll's attack. The gnoll attacks as you move away!
The gnoll hits you but does no damage. The gnoll attacks as you move away!
The gnoll barely misses you. The gnoll attacks as you move away!
The gnoll hits you but does no damage. The gnoll attacks as you move away!
The gnoll misses you. The gnoll attacks as you move away!
The gnoll hits you with a +0 club.
* * * LOW HITPOINT WARNING * * *
Found a cloak.
There is a stone staircase leading up here.
The gnoll hits you with a +0 club.
You die...

#........# ##...
########........###.....
..................#.....
########........#.......
#........##......
#.#####.>#....... #
###.# ###g.......[
######...####...g.......
....##.###......@.......
###.##.....#............
.......###....#.....##..
......###..#.....#..# #
.............###.#...#
......#.....## #.#.#.#
...........## #.#.#.#
.........#### #.# # #
............## #.#.


You could see 2 gnolls.

Vanquished Creatures
  An adder (D:2)
  A gnoll (D:2)
  4 ball pythons
  2 bats
  6 endoplasms
  3 giant cockroaches (D:1)
  2 hobgoblins (D:1)
  A kobold (D:1)
  A quokka (D:2)
  3 frilled lizards
  5 goblins
29 creatures vanquished.

Notes
Turn   | Place    | Note
-------+----------+-------------------------------------------
     0 | D:1      | zeram the Gargoyle Fighter began the quest for the Orb.
     0 | D:1      | Reached XP level 1. HP: 14/14 MP: 1/1
   193 | D:1      | Reached XP level 2. HP: 19/19 MP: 2/2
   590 | D:1      | Found a faded altar of an unknown god.
   610 | D:1      | Reached XP level 3. HP: 24/24 MP: 3/3
  1065 | D:2      | HP: 1/24 [gnoll/+0 club (1)]
  1085 | D:2      | HP: 1/24 [gnoll/+0 club (1)]
  1090 | D:2      | Slain by a gnoll

Illustrated notes

Levels and vault maps discovered:
D:1:      saegor_arrival_miasma, layout_loops_ring,
          dreamdust_ecumenical_altar_statues
D:2:      layout_rooms, serial_rivers, chequers_serial_rivers_micro_a,
          chequers_serial_rivers_micro_d, chequers_serial_rivers_large_b,
          chequers_serial_rivers_room_a, chequers_serial_rivers_micro_e,
          serial_park_tiny_1

Action                   || total
-------------------------++-------
Melee: Flail             ||    79
  Use: Scroll            ||     4
Armor: Scale mail        ||    38
Dodge: Dodged            ||    41
Block: Buckler           ||    19
